Map: Data-C

Players

Nice - Winner!

  • Race: Protoss Protoss
  • Spawn Location: 9:00

JonSnow

  • Race: Zerg Zerg
  • Spawn Location: 3:00

Event: DreamHack SC2 Masters 2022 Atlanta (Offline)

VOD

Have the link to the VOD?

Description

Time

  • Played on: Nov. 18, 2022, 10:09 a.m.
  • Length: 7:38

All games in this series

Show
View Real Time Build Order
Export as new Build Order

Nice Protoss - Winner!

Build Orders: 1 Gate Expand, Oracle Opening 

Get SALT Encoding   

  12  0:00  Probe  
  13  0:12  Probe  
  14  0:19  Pylon  
  14  0:24  Probe  
  15  0:37  Probe (Chrono Boost)  
  15  0:42  Gateway  
  17  0:50  Probe (Chrono Boost)  
  17  0:52  Assimilator  
  17  0:55  Probe (Chrono Boost)  
  18  1:04  Probe  
  19  1:16  Probe  
  20  1:28  Nexus  
  20  1:38  Cybernetics Core  
  20  1:44  Assimilator  
  20  1:46  Probe  
  21  1:53  Pylon  
  21  1:58  Probe  
  22  2:10  Probe (Chrono Boost)  
  22  2:12  Adept (Chrono Boost)  
  25  2:22  Probe (Chrono Boost)  
  26  2:26  Stargate  
  26  2:27  Probe (Chrono Boost)  
  27  2:32  Warp Gate  
  28  2:40  Probe (Chrono Boost), Stalker  
  28  2:42  Probe (Chrono Boost)  
  33  2:51  Probe (Chrono Boost)  
  33  2:53  Probe (Chrono Boost)  
  33  2:56  Probe (Chrono Boost)  
  33  3:01  Gateway  
  33  3:04  Probe  
  35  3:08  Probe  
  35  3:09  Oracle (Chrono Boost)  
  39  3:17  Probe  
  40  3:20  Probe  
  40  3:23  Pylon  
  41  3:29  Probe  
  42  3:36  Oracle (Chrono Boost)  
  42  3:37  Probe  
  46  3:47  Nexus  
  46  3:51  Pylon  
  46  4:01  Probe x2  
  48  4:05  Twilight Council  
  48  4:13  Probe x2  
  50  4:18  Pylon  
  50  4:20  Assimilator  
  50  4:24  Assimilator, Gateway  
  50  4:25  Probe, Gateway  
  50  4:27  Probe  
  50  4:31  Shield Battery  
  52  4:37  Probe  
  52  4:38  Stalker  
  55  4:40  Stalker  
  55  4:45  Blink (Chrono Boost)  
  55  4:50  Probe x2  
  54  5:04  Probe, Gateway  
  54  5:06  Gateway  
  55  5:10  Gateway  
  55  5:15  Gateway  
  55  5:16  Probe  
  55  5:17  Stalker  
  55  5:20  Stalker  
  60  5:31  Stalker x2  
  60  5:35  Probe  
  65  5:44  Stalker x2, Pylon  
  69  5:54  Pylon  
  69  6:00  Stalker x3  
  69  6:01  Stalker  
  77  6:15  Gateway  
  77  6:16  Stalker x2  
  77  6:17  Stalker  
  81  6:22  Stalker  
  83  6:29  Stalker x3  
  89  6:33  Stalker  
  89  6:37  Pylon  
  91  6:43  Stalker  
  91  6:44  Stalker  
  95  6:50  Pylon  
  95  6:57  Stalker x3  
  101  7:05  Pylon  
  101  7:14  Stalker  
  101  7:15  Stalker x3  
  99  7:24  Stalker x2  
  103  7:32  Stalker x2  
Show
View Real Time Build Order
Export as new Build Order

JonSnow Zerg 

Build Orders: Hatch First 

Get SALT Encoding   

  12  0:01  Drone  
  13  0:12  Overlord  
  13  0:18  Drone  
  14  0:31  Drone x2  
  16  0:45  Drone  
  17  0:53  Hatchery  
  17  0:55  Drone  
  17  1:02  Drone  
  18  1:09  Extractor  
  17  1:16  Spawning Pool  
  17  1:17  Drone  
  17  1:21  Drone  
  18  1:28  Drone  
  19  1:38  Drone  
  20  1:49  Overlord  
  20  2:03  Queen  
  20  2:04  Queen  
  20  2:06  Zergling x2  
  25  2:10  Drone, Metabolic Boost  
  25  2:12  Zergling x2  
  27  2:18  Drone  
  27  2:21  Drone  
  29  2:38  Hatchery  
  29  2:39  Drone  
  29  2:44  Drone  
  30  2:49  Queen  
  32  2:53  Overlord  
  32  2:59  Drone  
  32  3:00  Zergling x2  
  32  3:05  Drone x2  
  36  3:08  Spore Crawler  
  34  3:13  Drone  
  34  3:14  Drone  
  34  3:16  Drone x2  
  38  3:22  Drone x2  
  38  3:24  Drone  
  41  3:31  Overlord  
  41  3:39  Overlord  
  41  3:48  Queen  
  41  3:49  Drone  
  41  3:51  Drone x6  
  41  3:55  Spore Crawler  
  48  3:59  Zergling x6  
  48  4:01  Zergling x2  
  50  4:06  Evolution Chamber  
  50  4:08  Queen  
  51  4:12  Drone x2  
  51  4:15  Drone  
  54  4:23  Drone x4, Spore Crawler  
  54  4:24  Drone  
  58  4:31  Overlord  
  58  4:35  Queen, Overlord  
  53  4:49  Drone  
  53  4:50  Drone x9  
  60  4:53  Zerg Melee Weapons Level 1  
  60  4:56  Drone x2  
  60  4:58  Drone  
  63  5:01  Zergling x2  
  63  5:05  Zergling x2  
  65  5:12  Overlord  
  65  5:14  Hatchery  
  65  5:15  Zergling x6  
  65  5:18  Drone  
  65  5:19  Overlord  
  68  5:26  Drone  
  68  5:27  Drone x5  
  73  5:31  Drone  
  73  5:32  Drone  
  75  5:37  Lair  
  75  5:38  Roach Warren  
  75  5:42  Drone x3  
  77  5:44  Queen, Extractor  
  77  5:45  Extractor  
  77  5:47  Zergling x4  
  79  5:50  Overlord  
  79  5:55  Zergling x8  
  83  6:03  Overlord x3  
  83  6:04  Overlord  
  83  6:16  Zergling x12  
  89  6:29  Zergling x16  
  94  6:35  Hatchery  
  96  6:40  Zergling x6  
  96  6:46  Hatchery  
  97  6:47  Spire  
  97  6:48  Zergling x10  
  100  6:55  Zergling x12  
  100  7:01  Zergling x6  
  102  7:11  Zergling x10  
  97  7:17  Zergling x8  
Tags
 
Add a new tag
Caveats
  • Supply blocks, unpowered buildings, or Contaminate may cause inaccurate times.
  • Supply counts are checked every 10 seconds.